 Dungeon Crawl Stone Soup version 0.31.0-11-ge490571c62 (webtiles) character file.

Game seed: 9762114568644070274

4680 bearlyready the Mimic (level 10, -8/90 HPs)
             Began as an Octopode Shapeshifter on Feb 4, 2024.
             Was an Initiate of Gozag.
             Mangled by a death yak (11 damage)
             ... on level 8 of the Dungeon on Feb 5, 2024.
             The game lasted 00:25:25 (10064 turns).

bearlyready the Mimic (Octopode Shapeshifter)      Turns: 10064, Time: 00:25:25

Health: -8/90      AC: 25    Str: 17    XL:     10   Next: 44%
Magic:  10/10      EV:  2    Int: 13    God:    Gozag
Gold:   422        SH:  0    Dex: 12    Spells: 9/9 levels left

rFire   + .          .
                       - Unarmed
rCold   + + .        (no shield)
rNeg    . . .        (helmet currently unavailable)
rPois   +            (no amulet)
rElec   +            y - ring of protection from cold
rCorr   +            (no ring)
SInv    .            (no ring)
Will    .....        (no ring)
Stlth   ++++         (no ring)
HPRegen 0.35/turn    (no ring)
MPRegen 0.12/turn    (no ring)
                     (no ring)

%: no passive effects
@: mighty, tree-form, resistant, invisible
A: stationary, stasis, torment immunity, boosted hp, almost no armour,
(amphibious), 8 rings, (camouflage 1), (gelatinous body 1), (nimble swimmer 1),
(tentacles)
a: End Transformation, Renounce Religion, Potion Petition, Call Merchant, Bribe
Branch


You were on level 8 of the Dungeon.
You worshipped Gozag.
Gozag was aware of your devotion.
You were a tree.
You visited 2 branches of the dungeon, and saw 10 of its levels.

You collected 1110 gold pieces.
You paid 688 gold pieces to Gozag.

Inventory:

Missiles
 a - a throwing net
 d - 22 stones (quivered)
 w - a curare-tipped dart
 z - 9 poisoned darts
 A - 10 boomerangs
Armour
 B - a +0 cloak
 I - a +0 cloak
Jewellery
 y - a ring of protection from cold (left branch)
Talismans
 b - a beast talisman
 c - a flux talisman (active)
 i - a flux talisman (active)
 k - a maw talisman
 H - a dragon-blood talisman
Wands
 p - a wand of polymorph (1)
 J - a wand of paralysis (2)
Scrolls
 e - a scroll of poison {unknown}
 f - 2 scrolls of fog
 h - 2 scrolls of fear {unknown}
 l - 4 scrolls of identify
 n - 3 scrolls of amnesia
 o - 2 scrolls of revelation {unknown}
 r - a scroll of brand weapon {unknown}
 s - 2 scrolls of immolation
 t - 2 scrolls of vulnerability {unknown}
 x - a scroll of silence {unknown}
 G - a scroll of noise {unknown}
Potions
 g - 4 potions of curing
 j - a potion of berserk rage {unknown}
 m - a potion of mutation {unknown}
 q - a potion of heal wounds {unknown}
 u - a potion of invisibility {unknown}
 v - 2 potions of attraction {unknown}
 D - 2 potions of degeneration {unknown}
 E - 2 potions of brilliance {unknown}
 F - a potion of might {unknown}


   Skills:
 + Level 1.9 Fighting
 - Level 1.0 Throwing
 - Level 2.0 Dodging
 - Level 8.0 Stealth
 + Level 8.7 Unarmed Combat
 - Level 3.0 Evocations
 + Level 10.2 Shapeshifting


You had 9 spell levels left.
You didn't know any spells.
Your spell library contained the following spells:

 Spells                   Type           Power      Damage    Failure   Level
 Stone Arrow              Conj/Erth      0%         3d7       67%         3
 Conjure Ball Lightning   Conj/Air       0%         3x3d6     100%        6
 Discord                  Hex            0%         N/A       100%        8
 Disjunction              Tloc           0%         N/A       100%        8
 Lehudib's Crystal Spear  Conj/Erth      0%         10d2      100%        8
 Animate Armour           Summ/Erth      Unusable   N/A       N/A         4

Dungeon Overview and Level Annotations

Branches:
Dungeon (9/15)             Temple (1/1) D:5            Lair (0/5) D:8
    Orc: D:9-12

Altars:
Ashenzari
Cheibriados
Dithmenos
Elyvilon
Fedhas
Gozag
Hepliaklqana
Kikubaaqudgha
Makhleb
Nemelex Xobeh
Okawaru
Qazlal
Ru
Sif Muna
Trog
Uskayaw
Vehumet
Wu Jian
Xom
Yredelemnul
Zin
The Shining One

Shops:
D:3 [

Annotations:
D:6 2 transporters
D:7 Jeremiah


Innate Abilities, Weirdness & Mutations

You are a tree.
Your roots penetrate the ground, keeping you stationary.
You cannot be teleported.
You are immune to unholy pain and torment.
Your maximum health is greatly increased.
You cannot wear most types of armour.
((You are amphibious.))
You can wear up to eight rings at the same time.
((Your skin changes colour to match your surroundings (Stealth+).))
((Your rubbery body absorbs attacks. (AC +1, EV +1)))
((You are camouflaged when in or above water. (Stealth+)))
((You have tentacles for arms and can constrict up to eight enemies at once.))


Message History

The yak snorts and paws the ground.
You barely miss the yak.
The yak is almost dead.
The yak closely misses you.
You tentacle-slap the yak.
You kill the yak!
There is a stone staircase leading up here.
You climb upwards.
The yak bellows!
The death yak bellows! x2
The yak gores you! The yak misses you. The death yak barely misses you.
The death yak gores you! The yak closely misses you. The death yak misses you.
The death yak closely misses you.
There is a stone staircase leading down, spattered with blood here.
Okay, then.
Okay, then.
Okay, then. [a] - 550 gold - resistance, invisibility, lignification and might [b] - 338 gold - heal wounds and magic [c] - 464 gold - heal wounds, curing and magic Purchase which effect?
You no longer have enough gold to fund merchants seeking to open stores in the dungeon.
You feel protected.
You become transparent, but the glow from your form prevents you from becoming completely invisible.
Your transformation has ended.
You turn into a tree.
Your roots penetrate the ground.
You feel very mighty all of a sudden. The yak gores you.
The death yak gores you but does no damage. x2
The death yak gores you!
* * * LOW HITPOINT WARNING * * *
As you read the scroll labelled DOLUUX DIQEDGH, it crumbles to dust.
It is a scroll of identify.
s - 2 scrolls of immolation The yak gores you.
* * * LOW HITPOINT WARNING * * *
The yak gores you.
* * * LOW HITPOINT WARNING * * *
The death yak gores you!
You die...
Your body crumbles into a pile of gold.

.....##.# #####
........# #...# #######
........# #...###.....#
##......#
#...'...#...##
#......###...####$.....
######.##...#$$..Y.....
#Y...###.$...!....
################YY###
#..........
.....Y.........Y♣Y#
#..........
################Y##
#........Y>. # #[#
#........... #####
##.#####.........#.
....# #......+.........
###.# ##.##### #.# #.#
#.# #.# #.# #.# #+#


You could see 3 death yaks and 3 yaks.

Vanquished Creatures
  Grinder (D:3)
  A hornet (D:8)
  3 yaks
  2 wyverns (D:9)
  A wraith (D:9)
  A steam dragon (D:5)
  Edmund (D:6)
  An acid dragon (D:5)
  2 black bears
  An ice beast (D:5)
  2 sky beasts (D:6)
  2 orc warriors
  4 centaurs
  An ogre (D:6)
  2 phantoms (D:7)
  A kobold brigand (D:5)
  5 bullfrogs
  A scorpion (D:5)
  3 wights (D:7)
  6 killer bees (D:9)
  4 howler monkeys
  A jelly (D:8)
  A bombardier beetle (D:5)
  A gnoll bouda (D:4)
  2 hounds
  Crazy Yiuf (D:2)
  2 orc wizards
  4 iguanas
  24 gnolls
  4 adders
  2 river rats (D:8)
  A shadow imp (D:7)
  A white imp (D:5)
  4 dart slugs
  A ribbon worm (D:4)
  41 orcs
  4 bats
  8 endoplasms
  4 giant cockroaches
  2 goblins
  10 hobgoblins
  16 jackals
  9 kobolds
  2 quokkas (D:8)
  4 ball pythons
  3 frilled lizards
  6 rats
203 creatures vanquished.

Notes
Turn   | Place    | Note
-------+----------+-------------------------------------------
     0 | D:1      | bearlyready the Octopode Shapeshifter began the quest for
                  | the Orb.
     0 | D:1      | Reached XP level 1. HP: 13/13 MP: 1/1
   171 | D:1      | Reached skill level 1 in Stealth
   174 | D:1      | Reached XP level 2. HP: 18/18 MP: 2/2
   731 | D:2      | Identified the +6 hand axe of the Bashing Gods {speed,
                  | Int+2}
   779 | D:2      | Reached XP level 3. HP: 23/23 MP: 3/3
  1279 | D:2      | Found a runed translucent door.
  1280 | D:2      | Noticed Crazy Yiuf
  1717 | D:3      | Noticed Grinder
  1721 | D:3      | Paralysed by Grinder for 4 turns
  1730 | D:3      | Paralysed by Grinder for 4 turns
  1742 | D:3      | Killed Grinder
  1743 | D:3      | Reached skill level 4 in Shapeshifting
  1743 | D:3      | Reached XP level 4. HP: 19/28 MP: 4/4
  1743 | D:3      | Reached XP level 5. HP: 22/33 MP: 5/5
  1743 | D:3      | Reached XP level 6. HP: 25/38 MP: 6/6
  1854 | D:3      | Reached skill level 5 in Stealth
  2215 | D:3      | Reached skill level 1 in Evocations
  2459 | D:3      | Found Pimpadwe's Antique Armour Emporium.
  3149 | D:5      | Entered Level 5 of the Dungeon
  3200 | D:5      | Noticed a black bear
  3252 | D:5      | Noticed an ice beast
  3255 | D:5      | Killed an ice beast
  3256 | D:5      | Reached skill level 5 in Unarmed Combat
  3256 | D:5      | Reached XP level 7. HP: 30/43 MP: 7/7
  3930 | D:5      | Reached skill level 5 in Shapeshifting
  4318 | D:5      | Reached XP level 8. HP: 48/48 MP: 8/8
  4604 | D:2      | Killed Crazy Yiuf
  4718 | D:4      | Reached skill level 1 in Throwing
  5519 | D:5      | Found a staircase to the Ecumenical Temple.
  5524 | Temple   | Entered the Ecumenical Temple
  5535 | Temple   | Became a worshipper of Gozag Ym Sagoz the Greedy
  5587 | D:5      | Found an ancient bone altar of Kikubaaqudgha.
  5588 | D:5      | Found a hide-covered altar of Uskayaw.
  5588 | D:5      | Found a blossoming altar of Fedhas.
  5637 | D:5      | Found a broken altar of Ashenzari.
  5736 | D:5      | Reached skill level 6 in Shapeshifting
  6165 | D:6      | Noticed Edmund
  6169 | D:6      | Reached XP level 9. HP: 53/53 MP: 9/9
  6176 | D:6      | Killed Edmund
  6346 | D:6      | Found a transporter.
  6432 | D:6      | Found a transporter.
  6480 | D:6      | Reached skill level 7 in Shapeshifting
  6792 | D:7      | Found an ornate altar of the Wu Jian Council.
  6940 | D:7      | Found an iron altar of Okawaru.
  7116 | D:7      | Noticed Jeremiah
  7229 | D:8      | Noticed a death yak
  7229 | D:8      | Noticed a hornet
  7317 | D:8      | Found a staircase to the Lair.
  7378 | D:8      | Reached skill level 8 in Shapeshifting
  7483 | D:8      | Paralysed by a hornet for 1 turns
  7489 | D:8      | Killed a hornet
  7811 | D:8      | Reached skill level 9 in Shapeshifting
  7956 | D:7      | Reached XP level 10. HP: 48/58 MP: 10/10
  8204 | D:8      | Noticed a death yak
  8789 | D:8      | Noticed a death yak
  9344 | D:9      | Found a snail-covered altar of Cheibriados.
  9671 | D:9      | Reached skill level 10 in Shapeshifting
 10064 | D:8      | HP: 3/90 [yak (4)]
 10064 | D:8      | Mangled by a death yak

Illustrated notes

Levels and vault maps discovered:
D:1:      wander_arrival_desolate, layout_loops_cross
D:2:      layout_basic, serial_curves, eino_curves_01, eino_curves_03,
          uniq_crazy_yiuf_cottage
D:3:      layout_loops_cross, serial_shops, nicolae_lakefront_shop,
          serial_rivers, chequers_serial_rivers_marsh,
          chequers_serial_rivers_small_b, chequers_serial_rivers_micro_c,
          chequers_serial_rivers_large_a, chequers_serial_rivers_micro_a,
          chequers_serial_rivers_large_b, kennysheep_another_room,
          kennysheep_potato, uniq_grinder
D:4:      layout_basic
D:5:      lemuel_castle_with_subvaults [lemuel_castle_interior_original],
          layout_basic, grunt_temple_overflow_cloverleaf,
          minmay_temple_entry_nine_rooms
D:6:      gammafunk_steamed_eel, layout_loops_ring, minivault_1, uniq_edmund
D:7:      layout_loops_ring, nicolae_wu_jian_immortal_techniques,
          general_overflow_altar, kb_lookout_dungeons_type, uniq_jeremiah
D:8:      layout_basic, dpeg_lair_monsters, minmay_misc_feat_enclosed
D:9:      nicolae_hitomezashi [nicolae_hito_row, nicolae_hito_row,
          nicolae_hito_row, nicolae_hito_row, nicolae_hito_row,
          nicolae_hito_row, nicolae_hito_row, nicolae_hito_row,
          nicolae_hito_row, nicolae_hito_row, nicolae_hito_row,
          nicolae_hito_row, nicolae_hito_row, nicolae_hito_row,
          nicolae_hito_row, nicolae_hito_row, nicolae_hito_row,
          nicolae_hito_row], layout_loops_ring, nicolae_overflow_crystal_walls,
          serial_glass, glass_columns_a, glass_columns_c,
          minmay_misc_feat_rugged, dk_noncrumbling_4, serial_park_tiny_1
Temple:   hellmonk_temple_of_storms

Skill      XL: |  1  2  3  4  5  6  7  8  9 10 |
---------------+-------------------------------+-----
Stealth        | 1 2 4 5 6 8 |  8.0
Unarmed Combat | 4 5 7 8 |  8.7
Shapeshifting  | 4 5 6 9 10 | 10.2
Evocations     | 2 3 |  3.0
Throwing       | 1 |  1.0
Fighting       | |  1.9
Dodging        | |  2.0

Action                     |  1- 3 |  4- 6 |  7- 9 | 10-12 || total
---------------------------+-------+-------+-------+-------++-------
  Melee: Unarmed           |    75 |    51 |   264 |    90 ||   480
         Constrict         |    13 |    12 |    55 |     6 ||    86
         Tentacles         |     7 |    10 |    59 |    14 ||    90
         Punch             |     1 |     3 |     9 |     4 ||    17
  Throw: Stone             |     1 |     3 |    29 |    22 ||    55
         Dart              |       |     2 |     3 |     3 ||     8
         Throwing net      |       |       |     4 |       ||     4
 Invoke: Potion Petition   |       |       |       |     1 ||     1
Ability: Begin Untransform |       |       |       |     1 ||     1
  Evoke: Wand              |       |       |     7 |     3 ||    10
    Use: Potion            |     2 |       |     2 |     1 ||     5
         Scroll            |       |       |     4 |     3 ||     7
   Stab: Sleeping          |    15 |     8 |    13 |     1 ||    37
         Distracted        |       |       |     2 |       ||     2
         Paralysed         |       |       |    12 |       ||    12
 Armour: Skin              |    33 |    17 |   136 |    69 ||   255
  Dodge: Dodged            |    26 |    21 |   146 |    54 ||   247
   Form: Flux              |       |       |       |     1 ||     1
